 Dungeon Crawl Stone Soup version 0.24-a0-235-g3f03afc (webtiles) character file.

Game seed: 3559801087222247653

18883 silenth the Black Sun (level 12, -11/91 HPs)
             Began as a Mummy Necromancer on Apr 6, 2019.
             Was a High Priest of Kikubaaqudgha.
             Killed from afar by a gargoyle (17 damage)
             ... with a stone arrow
             ... on level 12 of the Dungeon.
             The game lasted 00:40:42 (14552 turns).

silenth the Black Sun (Mummy Necromancer)          Turns: 14552, Time: 00:40:43

Health: -11/91     AC: 12    Str: 12    XL:     12   Next: 31%
Magic:  2/26       EV: 15    Int: 24    God:    Kikubaaqudgha [*****.]
Gold:   1094       SH:  0    Dex: 13    Spells: 5/31 levels left

rFire    . . .     SeeInvis +   a - +1 trident of the Shining Light {drain, *Drain rPois rF+ Int+4}
rCold    + . .     Gourm    .   (no shield)
rNeg     + + +     Faith    .   x - +0 troll leather armour {Purgy}
rPois    ∞         Spirit   .   v - +3 crown of Dyrovepreva {rElec Int+2 SInv}
rElec    +         Reflect  .   s - +0 cloak
rCorr    .         Harm     .   u - +2 pair of gloves
MR       ++...                  (no boots)
Stlth    ++++......             e - amulet of regeneration
HPRegen  1.05/turn              H - ring of stealth
MPRegen  0.20/turn              p - ring of protection from magic

@: death channel
A: no food or potions, fire vulnerability, cold resistance 1, negative energy
resistance 3, torment resistance, unbreathing
a: Receive Corpses, Torment, Renounce Religion


You were on level 12 of the Dungeon.
You worshipped Kikubaaqudgha.
Kikubaaqudgha was extremely pleased with you.
You were not hungry.

You visited 2 branches of the dungeon, and saw 14 of its levels.
You also visited: Bailey and Ice Cave.

You collected 1094 gold pieces.

Inventory:

Hand Weapons
 a - the +1 trident of the Shining Light (weapon) {drain, *Drain rPois rF+ Int+4}
   (You found it on level 10 of the Dungeon)

   A truly terrible weapon, it drains the life of those it strikes.
   It affects your intelligence (+4).
   It protects you from fire.
   It protects you from poison.
   It causes draining when unequipped.
 w - a +0 vampiric spear
 z - a +0 dagger of speed
 E - the +4 flail of the Fortune-Teller {crush, +Inv Str+3 Int+4 Dex+4}
   (You took it off an orc wizard on level 9 of the Dungeon)

   It inflicts extra damage upon your enemies.
   It affects your strength (+3).
   It affects your intelligence (+4).
   It affects your dexterity (+4).
   It lets you turn invisible.
 F - a +2 short sword of speed
Armour
 f - a +0 shield
 s - a +0 cloak (worn)
 u - a +2 pair of gloves (worn)
 v - the +3 crown of Dyrovepreva (worn) {rElec Int+2 SInv}
   (You found it on level 5 of the Dungeon)

   It affects your intelligence (+2).
   It insulates you from electricity.
   It lets you see invisible.
 x - a +0 troll leather armour (worn) {Purgy}
Magical Staves
 b - an uncursed staff of death
 B - an uncursed staff of air
 O - a cursed staff of power {unknown}
Jewellery
 d - an uncursed ring of resist corrosion
 e - an amulet of regeneration (around neck)
 l - an uncursed ring of ice
 p - a ring of protection from magic (right hand)
 t - an uncursed ring of fire
 C - an uncursed amulet of guardian spirit
 H - a ring of stealth (left hand)
Wands
 j - a wand of flame (24)
 y - a wand of random effects (35)
 A - a wand of iceblast (8)
 J - a wand of clouds (2)
 L - a wand of disintegration (10)
Scrolls
 c - a scroll of enchant armour
 h - 4 scrolls of teleportation
 i - 4 scrolls of identify
 k - a scroll of brand weapon
 m - 3 scrolls of blinking
 n - 4 scrolls of immolation
 q - a scroll of summoning
 r - 2 scrolls of remove curse
 G - a scroll of amnesia
 I - a scroll of fog
 M - a scroll of fear
Miscellaneous
 D - a crystal ball of energy
 K - 2 phantom mirrors


   Skills:
 + Level 7.1 Fighting
 + Level 3.4 Polearms
 - Level 4.7 Armour
 + Level 6.3 Dodging
 - Level 5.0 Stealth
 + Level 10.3 Spellcasting
 * Level 12.2 Necromancy
 + Level 3.6 Ice Magic
 - Level 2.0 Evocations


You had 5 spell levels left.
You knew the following spells:

 Your Spells              Type           Power        Failure   Level  Hunger
a - Pain                  Necr           ####         1%          1    N/A
b - Animate Skeleton      Necr           N/A          1%          1    N/A
c - Vampiric Draining     Necr           ######....   1%          3    N/A
d - Animate Dead          Necr           N/A          1%          4    N/A
e - Dispel Undead         Necr           ######..     1%          5    N/A
f - Death Channel         Necr           ######....   6%          6    N/A
g - Simulacrum            Ice/Necr       ######....   36%         6    N/A

Your spell library contained the following spells:

 Spells                   Type           Power        Failure   Level  Hunger
 Freeze                   Ice            ####         1%          1    N/A
 Corpse Rot               Necr           N/A          1%          2    N/A
 Agony                    Necr           ######..     1%          5    N/A
 Throw Frost              Conj/Ice       ###...       4%          2    N/A
 Apportation              Tloc           ##....       7%          1    N/A
 Confusing Touch          Hex            ##....       7%          1    N/A
 Infusion                 Chrm           ##..         7%          1    N/A
 Shock                    Conj/Air       ##..         7%          1    N/A
 Summon Small Mammal      Summ           ##..         7%          1    N/A
 Ozocubu's Armour         Chrm/Ice       ###.....     9%          3    N/A
 Shroud of Golubria       Chrm/Tloc      ##........   10%         2    N/A
 Song of Slaying          Chrm           ##......     10%         2    N/A
 Swiftness                Chrm/Air       ##......     10%         2    N/A
 Excruciating Wounds      Chrm/Necr      #####.....   14%         5    N/A
 Spectral Weapon          Hex/Chrm       ##......     21%         3    N/A
 Static Discharge         Conj/Air       ##......     21%         3    N/A
 Summon Ice Beast         Ice/Summ       ###.....     30%         4    N/A
 Throw Icicle             Conj/Ice       ###.....     30%         4    N/A
 Airstrike                Air            ##........   54%         4    N/A
 Lightning Bolt           Conj/Air       ##........   88%         5    N/A
 Regeneration             Chrm/Necr      Unusable     N/A         3    N/A

Dungeon Overview and Level Annotations

Branches:
Dungeon (13/15)            Temple (1/1) D:5            Lair (0/6) D:8
    Orc: D:9-12      Vaults: D:13-14

Altars:
Ashenzari
Cheibriados
Dithmenos
Elyvilon
Fedhas
Gozag
Hepliaklqana
Kikubaaqudgha
Makhleb
Nemelex Xobeh
Okawaru
Qazlal
Ru
Sif Muna
Trog
Uskayaw
Vehumet
Wu Jian
Xom
Yredelemnul
Zin
The Shining One

Shops:
D:11 ::

Annotations:
D:7 2 transporters, being54's ghost, novice TeBe
D:12 Nessos


Innate Abilities, Weirdness & Mutations

You do not eat or drink.
Your flesh is vulnerable to fire.
You are immune to poison.
Your flesh is cold resistant. (rC+)
You are immune to negative energy. (rN+++)
You are immune to unholy pain and torment.
You can survive without breathing.


Message History

Aim: Nessos, wearing a +0 centaur barding (severely wounded, fast) Nessos is almost dead.
You feel life coursing into your body. Nessos hits you!
* * * LOW HITPOINT WARNING * * *
The gargoyle hits you with a cursed -1 mace.
* * * LOW HITPOINT WARNING * * *
Nessos blinks!
Your spectral orc hits the gargoyle.
Nessos wields a +1 longbow of flaming.
It bursts into flame!
Nessos shoots an arrow.
The arrow hits you!
* * * LOW HITPOINT WARNING * * *
The arrow burns you!
* * * LOW HITPOINT WARNING * * *
The gargoyle hurls a stone arrow at you.
The stone arrow hits you but does no damage.
Nessos shoots an arrow.
The arrow misses you.
You see here 2 arrows.
The gargoyle hurls a stone arrow at you.
The stone arrow hits you!
You die...
Kikubaaqudgha rasps: "You have failed me!
Welcome... oblivion!"

........ ............#
........ ............#
........ ............#
........ .........)..#
........ .c......)...#
....... .§.....5(...#
...### ...####.....#
...# .... #.###.# ...#
#.... #@# .# ..##
##... #(###.#
()####..#+######.)(..#
................§9(..#
.................Z...#
.....................#
.....................#
.............c.......#
.......=...c.........#


You could see Nessos, a gargoyle, a crimson imp and a friendly spectral orc.

Vanquished Creatures
  Erolcha (D:12)
  A hydra (D:11)
  A two-headed ogre (D:10)
  A centaur warrior (D:11)
  Erica (D:10)
  2 death yaks (IceCv)
  An ice statue (IceCv)
  A centaur skeleton (D:11)
  A kobold demonologist (D:13)
  6 polar bears (IceCv)
  A hippogriff (D:12)
  3 wyverns
  4 hungry ghosts (D:8)
  8 yaks
  5 vampire mosquitoes
  A water moccasin (D:10)
  4 porcupines (D:8)
  7 orc warriors
  Purgy (D:3)
  3 ice beasts
  A necrophage (D:12)
  A phantom (D:6)
  A black bear (D:10)
  A hornet zombie (D:10)
  A sky beast (D:6)
  2 ogres
  8 centaurs
  6 wolves (IceCv)
  3 crocodiles
  4 big kobolds
  7 bullfrogs
  A wyvern zombie (D:12)
  6 scorpions
  8 wights
  6 killer bees
  4 howler monkeys
  2 crimson imps
  A centaur zombie (D:9)
  A bullfrog zombie (D:10)
  4 hounds
  A gnoll shaman (D:6)
  8 jellies
  4 orc priests
  2 bullfrog skeletons
  2 iguanas
  Crazy Yiuf (D:3)
  Terence (D:3)
  Natasha (thrice) (D:3)
  7 orc wizards
  8 worker ants
  A hound skeleton (D:7)
  6 gnolls
  A worker ant zombie (D:8)
  20 adders
  4 shadow imps
  4 white imps (D:12)
  2 adder skeletons
  5 worms
  3 dart slugs
  9 leopard geckos
  42 orcs
  3 ball pythons
  7 giant cockroaches
  8 goblins
  11 hobgoblins
  7 jackals
  5 quokkas
  9 bats
  6 frilled lizards
  A jackal skeleton (D:4)
  10 kobolds
  A quokka skeleton (D:6)
  A quokka zombie (D:6)
  6 rats
330 creatures vanquished.

Vanquished Creatures (collateral kills)
  A frost giant (IceCv)
  A rime drake (IceCv)
  8 polar bears (IceCv)
  2 trolls (D:12)
  6 yaks (IceCv)
  An ice beast (D:7)
  4 wolves (IceCv)
  A bullfrog (D:8)
  5 killer bees
  2 howler monkeys (D:9)
  A crimson imp (D:9)
  A hound (D:8)
  A shadow imp (D:8)
  8 white imps (D:12)
  2 orcs
  A giant cockroach (D:6)
  3 jackals (D:9)
  2 kobolds (D:13)
  A rat (D:1)
  A fungus (D:8)
52 creatures vanquished.

Vanquished Creatures (others)
  A yak (IceCv)
  7 wolves (IceCv)
  17 fungi (D:8)
  7 plants (D:8)
32 creatures vanquished.

Grand Total: 414 creatures vanquished

Notes
Turn   | Place    | Note
-------+----------+-------------------------------------------
     0 | D:1      | silenth the Mummy Necromancer began the quest for the Orb.
     0 | D:1      | Reached XP level 1. HP: 13/13 MP: 4/4
     9 | D:1      | Learned a level 1 spell: Animate Skeleton
   176 | D:1      | Reached skill level 3 in Spellcasting
   210 | D:1      | Reached XP level 2. HP: 19/19 MP: 4/6
   736 | D:2      | Reached XP level 3. HP: 24/24 MP: 3/7
   743 | D:2      | Learned a level 3 spell: Vampiric Draining
   933 | D:2      | Reached skill level 5 in Necromancy
  1059 | D:2      | Reached XP level 4. HP: 30/30 MP: 5/9
  1204 | D:2      | Reached skill level 4 in Spellcasting
  1337 | D:3      | Noticed Terence
  1674 | D:3      | Reached XP level 5. HP: 35/35 MP: 5/11
  1878 | D:3      | Noticed Natasha
  1887 | D:3      | Killed Natasha
  1887 | D:3      | Reached skill level 6 in Necromancy
  2061 | D:3      | Killed Terence
  2118 | D:3      | Noticed Natasha
  2123 | D:3      | Killed Natasha
  2124 | D:3      | Noticed an orc warrior
  2127 | D:3      | Noticed Natasha
  2260 | D:3      | Noticed Purgy
  2316 | D:3      | Reached XP level 6. HP: 41/41 MP: 9/13
  2416 | D:3      | Found a runed translucent door.
  2417 | D:3      | Noticed Crazy Yiuf
  2423 | D:3      | Killed Crazy Yiuf
  2491 | D:3      | Reached skill level 5 in Spellcasting
  2573 | D:3      | Found an ornate altar of the Wu Jian Council.
  2600 | D:4      | Found a white marble altar of Elyvilon.
  2904 | D:4      | Reached skill level 7 in Necromancy
  3200 | D:4      | Found an opulent altar of Gozag.
  3393 | D:5      | Entered Level 5 of the Dungeon
  3404 | D:5      | Reached XP level 7. HP: 43/47 MP: 13/15
  3497 | D:5      | Found a staircase to the Ecumenical Temple.
  3506 | Temple   | Entered the Ecumenical Temple
  3971 | D:5      | Found the +3 crown of Dyrovepreva {rElec Int+2 SInv}
  3973 | D:5      | Reached skill level 1 in Fighting
  3973 | D:5      | Reached skill level 2 in Dodging
  4404 | D:6      | Reached skill level 6 in Spellcasting
  4442 | D:6      | Found an ancient bone altar of Kikubaaqudgha.
  4462 | D:6      | Became a worshipper of Kikubaaqudgha
  4614 | D:6      | Reached skill level 2 in Fighting
  4789 | D:6      | Reached skill level 8 in Necromancy
  4849 | D:6      | Reached XP level 8. HP: 57/57 MP: 11/17
  5355 | D:3      | Killed Purgy
  5389 | D:3      | Killed Natasha
  5389 | D:3      | Reached skill level 3 in Dodging
  5664 | D:6      | Reached skill level 3 in Fighting
  5811 | D:6      | Reached * piety under Kikubaaqudgha
  5811 | D:6      | Identified Kikubaaqudgha's Guide on Evil Magic
                  | (Kikubaaqudgha gifted it to you on level 6 of the Dungeon)
  5811 | D:6      | Received a gift from Kikubaaqudgha
  5876 | D:6      | Learned a level 4 spell: Animate Dead
  5903 | D:6      | Reached skill level 2 in Stealth
  6152 | D:6      | Reached skill level 7 in Spellcasting
  6152 | D:6      | Reached skill level 1 in Evocations
  6162 | D:6      | Reached skill level 1 in Armour
  6251 | D:6      | Reached skill level 9 in Necromancy
  6419 | D:6      | Reached XP level 9. HP: 50/64 MP: 19/19
  6659 | D:7      | Reached ** piety under Kikubaaqudgha
  6683 | D:7      | Found a transporter.
  6691 | D:7      | Noticed being54's ghost (novice TeBe)
  6757 | D:7      | Found a transporter.
  6841 | D:7      | Found a shattered altar of Ashenzari.
  7202 | D:8      | Reached skill level 2 in Armour
  7202 | D:8      | Reached skill level 3 in Stealth
  7202 | D:8      | Reached skill level 2 in Evocations
  7323 | D:8      | Reached skill level 4 in Fighting
  7520 | D:8      | Reached skill level 4 in Dodging
  7867 | D:8      | Reached skill level 8 in Spellcasting
  7873 | D:8      | Reached skill level 10 in Necromancy
  8021 | D:8      | Found a staircase to the Lair.
  8162 | D:8      | Reached skill level 3 in Armour
  8162 | D:8      | Reached XP level 10. HP: 73/73 MP: 22/22
  8238 | D:8      | Reached *** piety under Kikubaaqudgha
  8238 | D:8      | Identified Kikubaaqudgha's Disquisition on Unholy Arts
                  | (Kikubaaqudgha gifted it to you on level 8 of the Dungeon)
  8238 | D:8      | Received a gift from Kikubaaqudgha
  8246 | D:8      | Learned a level 5 spell: Dispel Undead
  8253 | D:8      | Learned a level 6 spell: Death Channel
  8492 | D:8      | Reached skill level 5 in Fighting
  8980 | D:9      | Found a basalt altar of Yredelemnul.
  9111 | D:9      | Found a flagged portal.
  9152 | Bailey   | Entered a bailey
  9175 | Bailey   | HP: 1/74 [orc warrior/+0 halberd (15)]
  9294 | D:9      | Identified the +4 flail of the Fortune-Teller {crush, +Inv
                  | Str+3 Int+4 Dex+4}
  9519 | D:9      | Reached **** piety under Kikubaaqudgha
  9753 | D:9      | Reached skill level 5 in Dodging
  9801 | D:9      | Found the +7 Kryia's mail coat {PotionHeal*2 rC+}
  9833 | D:9      | Learned a level 6 spell: Simulacrum
  9867 | D:10     | Entered Level 10 of the Dungeon
  9925 | D:10     | Noticed a two-headed ogre
 10135 | D:10     | Noticed Erica
 10151 | D:10     | Killed Erica
 10265 | D:10     | Reached skill level 9 in Spellcasting
 10286 | D:10     | Got a transparent trident
 10287 | D:10     | Identified the cursed +1 trident of the Shining Light
                  | {drain, *Drain rPois rF+ Int+4} (You found it on level 10
                  | of the Dungeon)
 10296 | D:10     | Reached skill level 1 in Ice Magic
 10491 | D:10     | Killed a two-headed ogre
 10491 | D:10     | Reached skill level 4 in Armour
 10491 | D:10     | Reached skill level 11 in Necromancy
 11110 | D:11     | Reached XP level 11. HP: 55/81 MP: 14/24
 11178 | D:11     | Found Vucrucij's Book Boutique.
 11198 | D:11     | Found Waadwam's Book Shoppe.
 11199 | D:11     | Noticed a six-headed hydra
 11201 | D:11     | Noticed a centaur warrior
 11223 | D:11     | Killed a six-headed hydra
 11223 | D:11     | Reached skill level 1 in Polearms
 11223 | D:11     | Reached skill level 4 in Stealth
 11288 | D:11     | Killed a centaur warrior
 11288 | D:11     | Reached skill level 6 in Fighting
 11324 | D:11     | Reached skill level 2 in Ice Magic
 11478 | D:11     | You fall through a shaft for 2 floors!
 11493 | D:13     | Noticed a tengu warrior
 11856 | D:12     | Reached skill level 2 in Polearms
 11974 | D:12     | Noticed Erolcha
 11986 | D:12     | Killed Erolcha
 12198 | D:12     | Found a frozen archway.
 12222 | D:12     | Reached ***** piety under Kikubaaqudgha
 12247 | IceCv    | Entered an ice cave
 13466 | IceCv    | Reached skill level 3 in Ice Magic
 13491 | IceCv    | Reached skill level 6 in Dodging
 13690 | IceCv    | Reached skill level 5 in Stealth
 13690 | IceCv    | Reached XP level 12. HP: 80/89 MP: 6/25
 13692 | IceCv    | Reached skill level 10 in Spellcasting
 13844 | IceCv    | Noticed a death yak
 13888 | IceCv    | Killed a death yak
 13888 | IceCv    | Reached skill level 12 in Necromancy
 13897 | IceCv    | Reached skill level 3 in Polearms
 13929 | IceCv    | Reached skill level 7 in Fighting
 14039 | IceCv    | Noticed a frost giant
 14039 | IceCv    | Noticed a death yak
 14060 | IceCv    | Killed a death yak
 14089 | IceCv    | Killed a frost giant
 14527 | D:12     | Noticed Nessos
 14551 | D:12     | HP: 4/91 [Nessos/arrow (7)]
 14552 | D:12     | Killed from afar by a gargoyle

Levels and vault maps discovered:
D:1:      mainiacjoe_arrival_reflecting_pool, layout_loops_ring,
          minmay_splitting_lines
D:2:      layout_rooms
D:3:      layout_rooms, lemuel_crystal_altar, minmay_divided_ellipse,
          uniq_terence, uniq_natasha, uniq_purgy, uniq_crazy_yiuf_cottage
D:4:      layout_loops_cross, kennysheep_little_box,
          nicolae_gozag_cash_rules_everything_around_me, first_ration,
          kennysheep_generic_room_14
D:5:      layout_cave_pods, minmay_temple_entry_grid
D:6:      layout_basic, kiku_gazebo_garden_becter
D:7:      layout_cave_pools, nicolae_overflow_crystal_walls,
          gammafunk_ghost_mausoleum
D:8:      layout_loops_ring, due_lair_maze_entry_diamond
D:9:      layout_roguey, basic_altar, enter_bailey_2, blue_anna_alchemist
          [blue_anna_fruit_fields, blue_anna_fruit_fields]
D:10:     layout_basic, uniq_erica
D:11:     layout_loops_ring, erik_orc_1, serial_shops, shop, shop, shop_statue
D:12:     layout_stronghold, serial_column_ruins, column_ruins_hut_water,
          column_ruins_open_tiny, column_ruins_open_small,
          column_ruins_open_large, portal_ice_cave_entry_imps, minivault_11,
          uniq_erolcha, uniq_nessos, uniq_jorgrun
D:13:     layout_long_grid, skrybe_vaults_entry_preservation
Temple:   minmay_crystal_spiral_temple
Bailey:   bailey_polearm_4, bailey
IceCv:    ice_cave_caverns_02

Skill      XL: |  1  2  3  4  5  6  7  8  9 10 11 12 |
---------------+-------------------------------------+-----
Spellcasting   | 3 4 5 6 7 8 9 10 | 10.3
Necromancy     | 5 6 7 8 9 10 11 12 | 12.2
Fighting       | 2 3 4 5 6 7 |  7.1
Dodging        | 2 3 4 5 6 |  6.3
Stealth        | 2 3 5 |  5.0
Evocations     | 1 2 |  2.0
Armour         | 1 3 4 |  4.7
Ice Magic      | 1 3 |  3.6
Polearms       | 2 3 |  3.4

Action                   |  1- 3 |  4- 6 |  7- 9 | 10-12 || total
-------------------------+-------+-------+-------+-------++-------
Melee: Unarmed           |     4 |       |       |       ||     4
       Spear             |    25 |    45 |   612 |   421 ||  1103
       Staff             |       |     9 |       |       ||     9
       Trident           |       |       |       |   895 ||   895
 Cast: Pain              |    54 |   143 |   165 |    50 ||   412
       Animate Skeleton  |     1 |     1 |     3 |       ||     5
       Vampiric Draining |     1 |     8 |    34 |    92 ||   135
       Animate Dead      |       |       |     7 |    18 ||    25
       Dispel Undead     |       |       |       |    15 ||    15
       Death Channel     |       |       |       |    11 ||    11
       Simulacrum        |       |       |       |     3 ||     3
Evoke: Wand              |       |       |       |     3 ||     3
  Use: Scroll            |       |       |     7 |    11 ||    18
 Stab: Sleeping          |       |       |     2 |     6 ||     8
       Distracted        |       |       |       |     4 ||     4
       Confused          |       |       |       |     2 ||     2
Armor: Robe              |     3 |    20 |    45 |       ||    68
       Troll leather arm |       |       |   173 |   708 ||   881
Dodge: Dodged            |    32 |    62 |   477 |  1434 ||  2005

Table legend:
 A = Non-vault XP
 B = Vault XP
 C = Vault XP percentage of total XP
 D = Non-vault monster count
 E = Vault monster count
 F = Vault count percentage of total count
                 A         B        C        D         E       F
            +---------+---------+-------+---------+---------+-------
      Total |   15001 |   11976 |  44.4 |     297 |      86 |  22.5
            +---------+---------+-------+---------+---------+-------
        D:1 |      38 |       0 |   0.0 |      21 |       0 |   0.0
        D:2 |     118 |       4 |   3.3 |      25 |       2 |   7.4
        D:3 |     178 |     427 |  70.6 |      30 |      15 |  33.3
        D:4 |     267 |      35 |  11.6 |      15 |       2 |  11.8
        D:5 |     304 |       0 |   0.0 |      15 |       0 |   0.0
        D:6 |    1484 |       0 |   0.0 |      31 |       0 |   0.0
        D:7 |     887 |       0 |   0.0 |      21 |       0 |   0.0
        D:8 |    2071 |     828 |  28.6 |      39 |       9 |  18.8
        D:9 |    1359 |      82 |   5.7 |      39 |       1 |   2.5
       D:10 |    1726 |     876 |  33.7 |      11 |       1 |   8.3
       D:11 |    2989 |       0 |   0.0 |      14 |       0 |   0.0
       D:12 |    2682 |    1000 |  27.2 |      27 |      13 |  32.5
       D:13 |     898 |       0 |   0.0 |       9 |       0 |   0.0
     Bailey |       0 |     121 | 100.0 |       0 |       2 | 100.0
      IceCv |       0 |    8603 | 100.0 |       0 |      41 | 100.0
            +---------+---------+-------+---------+---------+-------
